cohdb
Replays
Latest Replays
All Replays
Popular Replays
Top Player Replays
Match Explorer
How It Works
Community
CoH3 Stats
Reddit
Sign in to upload your games and track your stats! →
Sign in with Steam
Match 41037738
Unlisted
Match 41037738
Overview
Messages
Build Orders
End
Kettenkrad Recon Vehicle
Selects Italian Coastal Battlegroup
Selects Coastal Reserves
Coastal Reserve
Coastal Reserve
Coastal Reserve
Selects Artillery Officer
Artillery Officer
Repair Bunker
Construct Infanterie Kompanie
Construct Luftwaffe Kompanie
221 Scout Car
Selects Designate Defensive Line
Selects Rapid Fortifications
Rapid Fortifications
Medical Bunker
Flak 30 Anti-aircraft Gun Team
Kettenkrad Recon Vehicle
Rapid Fortifications
Support Elements
Medical Bunker
Marder III M Tank Destroyer
Kettenkrad Recon Vehicle
Designate Defensive Line
Selects Obice da 210/22 Artillery Emplacement
Marder III M Tank Destroyer
Rapid Fortifications
Wirbelwind Flakpanzer
Repair Bunker
Selects Bulwark
Rapid Fortifications
Repair Bunker
Marder III M Tank Destroyer
Designate Defensive Line
Marder III M Tank Destroyer
Rapid Fortifications
HulkSMASH
Павел NF
la
MoriMusic
0
0
Comments
sign in to comment!
No comments posted yet!